AoeStats
← Gim

Black Forest

504221597Analyzed
4v4 RM · 28d ago on Sep 4, 2026· 49m 19s· 8 players
Game mode
Random Map
Map size
Large (8 player)
Population
200
Speed
Normal
Resources
Standard
Victory
Conquest
Starting age
Dark Age
Ending age
Imperial Age
RankedLock teamsTeams togetherTeam positionsShared explorationLock speedFull tech treeHidden civsTurbo modeCheats
Victory
Defeat
🇭🇰 Lithuanians · Hong Kong SAR China
1300
+15
🇨🇳 Wu · China
1291
+16
🇨🇳 Berbers · China
1279
+16
🇮🇳 Turks · India
1257
+17
🇺🇸 Bengalis · United States
1309
-17
🇷🇺 Turks · Russia
1308
-17
🇫🇷 Japanese · France
1261
-15
🇵🇱 Persians · Poland
1261
-15
人生😈百态
0:30 Loom
16:55 Feudal Age
22:59 Castle Age
22:13 Double-Bit Axe
26:24 Bow Saw
28:36 Wheelbarrow
28:13 Fletching
29:24 Bodkin Arrow
30:25 Padded Archer Armor
30:23 Stone Mining
31:34 Leather Archer Armor
32:30 Gold Mining
36:42 Gold Shaft Mining
36:24 Hand Cart
37:58 Stone Shaft Mining
43:36 Imperial Age
44:25 Bracer
44:18 Elite Skirmisher
48:50 Two-Man Saw
47:34 Horse Collar
48:25 Heavy Plow
49:02 Conscription
NUR
5:18 Loom
11:03 Feudal Age
11:50 Double-Bit Axe
12:16 Horse Collar
14:48 Castle Age
14:55 Wheelbarrow
15:57 Bow Saw
15:58 Heavy Plow
23:08 Hand Cart
23:08 Town Watch
24:50 Stone Mining
24:50 Gold Mining
25:19 Fletching
25:29 Padded Archer Armor
28:49 Bodkin Arrow
29:10 Leather Archer Armor
32:49 Imperial Age
30:53 Coinage
30:23 Caravan
30:58 Ballistics
30:48 Masonry
30:18 Treadmill Crane
30:54 Masonry
30:39 Murder Holes
31:53 Gold Shaft Mining
31:58 Town Patrol
32:52 Elite Janissary
33:54 Conscription
34:17 Architecture
34:10 Bombard Tower
36:00 Squires
37:08 Architecture
37:50 Bracer
38:20 Ring Archer Armor
38:24 Sipahi
38:10 Artillery
39:32 Two-Man Saw
39:59 Hoardings
39:37 Thumb Ring
dnlmh
5:02 Loom
11:35 Feudal Age
12:28 Double-Bit Axe
15:25 Castle Age
13:13 Horse Collar
16:19 Bow Saw
21:50 Wheelbarrow
21:52 Redemption
24:03 Stone Mining
25:42 Stone Shaft Mining
24:58 Gold Mining
28:31 Imperial Age
25:59 Treadmill Crane
27:35 Scale Barding Armor
27:41 Forging
28:32 Hand Cart
29:42 Bloodlines
29:34 Husbandry
29:56 Chain Barding Armor
31:21 Iron Casting
32:04 Illumination
31:56 Block Printing
32:40 Conscription
34:17 Plate Barding Armor
34:58 Two-Man Saw
34:00 Heavy Plow
33:47 Elite Leitis
38:00 Masonry
38:27 Hoardings
39:49 Illumination
42:36 Architecture
42:29 Sanctity
42:19 Fervor
43:58 Theocracy
49:11 Scale Mail Armor
49:11 Padded Archer Armor
49:02 Fletching
49:34 Ballistics
Gim
1:28 Loom
10:55 Feudal Age
14:39 Castle Age
12:57 Double-Bit Axe
22:56 Horse Collar
24:05 Wheelbarrow
25:07 Heavy Plow
25:27 Hand Cart
26:57 Fletching
30:19 Imperial Age
28:22 Bow Saw
30:14 Bodkin Arrow
31:06 Ballistics
30:46 Gold Mining
30:59 Padded Archer Armor
31:01 Bracer
31:27 Conscription
31:13 Kasbah
32:18 Chemistry
31:52 Elite Camel Archer
32:42 Thumb Ring
34:38 Bloodlines
34:28 Husbandry
36:20 Crop Rotation
36:21 Leather Archer Armor
36:25 Siege Engineers
36:01 Treadmill Crane
38:01 Gold Shaft Mining
37:04 Heavy Camel Rider
37:49 Maghrebi Camels
39:00 Scale Barding Armor
39:27 Ring Archer Armor
39:10 Masonry
39:54 Fortified Wall
41:45 Chain Barding Armor
43:01 Plate Barding Armor
43:08 Fervor
43:16 Forging
45:56 Iron Casting
47:13 Stone Mining
48:57 Blast Furnace
nons18
0:50 Loom
13:09 Feudal Age
17:02 Castle Age
14:51 Double-Bit Axe
15:28 Horse Collar
15:48 Gold Mining
17:43 Wheelbarrow
18:24 Stone Mining
21:59 Bow Saw
23:49 Scale Mail Armor
24:57 Fletching
28:08 Hand Cart
28:36 Town Watch
29:05 Forging
29:40 Chain Mail Armor
32:08 Iron Casting
31:48 Heavy Plow
37:42 Imperial Age
36:09 Bodkin Arrow
36:14 Padded Archer Armor
36:17 Yasama
38:04 Leather Archer Armor
37:28 Elite Skirmisher
38:14 Thumb Ring
38:33 Bracer
40:13 Ring Archer Armor
43:21 Chemistry
43:41 Guard Tower
43:38 Arrowslits
45:12 Keep
44:59 Ballistics
GENGIS KHAN'T
0:40 Loom
17:45 Feudal Age
18:23 Double-Bit Axe
24:40 Forging
29:58 Castle Age
28:16 Fletching
28:23 Gold Mining
29:06 Padded Archer Armor
30:34 Bodkin Arrow
31:54 Leather Archer Armor
39:10 Squires
39:17 Scale Mail Armor
40:43 Pikeman
42:53 Ballistics
44:57 Wheelbarrow
45:01 Bloodlines
44:52 Husbandry
45:05 Elite Skirmisher
47:56 Hand Cart
lidyaqu
12:06 Feudal Age
16:02 Castle Age
14:36 Double-Bit Axe
21:29 Horse Collar
27:10 Imperial Age
26:02 Padded Archer Armor
27:16 Loom
28:09 Elite Janissary
32:35 Town Watch
33:25 Wheelbarrow
36:14 Fletching
37:34 Murder Holes
38:00 Ballistics
37:39 Bodkin Arrow
37:59 Leather Archer Armor
38:34 Gold Mining
38:35 Stone Mining
39:27 Artillery
40:27 Conscription
jkeR.!
1:15 Loom
10:46 Feudal Age
15:17 Castle Age
13:22 Double-Bit Axe
21:58 Horse Collar
24:33 Wheelbarrow
28:47 Imperial Age
26:35 Hand Cart
27:11 Scale Barding Armor
27:16 Forging
27:35 Heavy Plow
27:27 Stone Mining
27:29 Gold Mining
30:33 Stone Shaft Mining
30:35 Gold Shaft Mining
30:22 Chain Barding Armor
34:08 Crop Rotation
33:49 Bow Saw
33:59 Pikeman
34:40 Squires
34:26 Arson
37:19 Chemistry
36:40 Ballistics
37:36 Conscription
37:51 Husbandry
38:03 Bloodlines
37:14 Cavalier
38:13 Halberdier
41:34 Iron Casting
40:59 Scale Mail Armor
41:36 Kamandaran
40:59 Crossbowman
44:48 Fletching
44:58 Padded Archer Armor
Connection lost

Rejoining the realm…

Still unreachable

The connection could not be restored.

Session expired

The server has moved on; the page needs a fresh start.